 Dungeon Crawl Stone Soup version 0.21.1-1-g345015f (webtiles) character file.

4689 cultivahabas the Grappler (level 10, -4/102 HPs)
             Began as a Troll Monk on May 9, 2018.
             Was a Believer of Nemelex Xobeh.
             Slain by an unseen horror (9 damage)
             ... on level 7 of the Dungeon.
             The game lasted 00:29:27 (7162 turns).

cultivahabas the Grappler (Troll Monk)              Turns: 7162, Time: 00:29:29

Health: -4/102     AC:  8    Str: 21    XL:     10   Next: 21%
Magic:  9/9        EV: 10    Int:  9    God:    Nemelex Xobeh [**....]
Gold:   347        SH:  0    Dex: 16    Spells: 6/9 levels left

rFire    . . .     SeeInvis .     - Unarmed
rCold    . . .     Gourm    +   (no shield)
rNeg     + . .     Faith    .   D - +0 steam dragon scales
rPois    .         Spirit   .   (helmet restricted)
rElec    .         Reflect  .   (no cloak)
rCorr    .         Harm     .   (gloves unavailable)
MR       .....                  (boots unavailable)
Stlth    ++........             (no amulet)
HPRegen  0.67/turn              e - +4 ring of dexterity
MPRegen  0.11/turn              i - ring of positive energy

@: drained
A: large, unfitting armour, claws 3, fast metabolism 3, gourmand, regeneration
1, shaggy fur 1, tough skin 2
a: Renounce Religion


You were on level 7 of the Dungeon.
You worshipped Nemelex Xobeh.
Nemelex Xobeh was pleased with you.
You were very full.

You visited 2 branches of the dungeon, and saw 9 of its levels.

You collected 347 gold pieces.

Inventory:

Missiles
 g - 273 stones (quivered)
 q - 2 throwing nets
Armour
 D - +0 steam dragon scales (worn)
Jewellery
 e - a +4 ring of dexterity (left claw)
 i - a ring of positive energy (right claw)
 n - a +5 ring of protection
Wands
 v - a wand of flame (46)
Scrolls
 c - 3 scrolls of remove curse
 j - 4 scrolls of enchant armour
 k - 5 scrolls of teleportation
 l - a scroll of blinking
 u - a scroll of amnesia
 x - a scroll of immolation
 y - a scroll of holy word
 z - a scroll of silence {unknown}
Potions
 f - 3 potions of curing
 h - a potion of brilliance
 m - 2 potions of flight
 o - 2 potions of heal wounds
 p - a potion of haste
 r - a potion of resistance
 s - a potion of agility
 A - a potion of ambrosia
Books
 a - the Reference Book on the Volcanoes
   (You found it on level 7 of the Dungeon)

   Spells                             Type                      Level
   a - Flame Tongue                   Conjuration/Fire             1
   b - Inner Flame                    Hexes/Fire                   3
   c - Sticky Flame                   Conjuration/Fire             4
   d - Bolt of Magma                  Conjuration/Fire/Earth       5
   e - Ring of Flames                 Charms/Fire                  7
 t - a book of Cantrips

   Spells                             Type                      Level
   a - Confusing Touch                Hexes                        1
   b - Animate Skeleton               Necromancy                   1
   c - Summon Small Mammal            Summoning                    1
   d - Apportation                    Translocation                1
 w - a book of Air

   Spells                             Type                      Level
   a - Shock                          Conjuration/Air              1
   b - Swiftness                      Charms/Air                   2
   c - Static Discharge               Conjuration/Air              3
   d - Airstrike                      Air                          4
   e - Lightning Bolt                 Conjuration/Air              5
Miscellaneous
 B - a plain deck of destruction
 C - a plain deck of summoning
Comestibles
 b - 18 rations


   Skills:
 + Level 7.6(7.3) Fighting
 - Level 2.4(2.1) Dodging
 - Level 1.0(0.8) Stealth
 * Level 12.4(12.1) Unarmed Combat
 + Level 0.0 Hexes


You had 6 spell levels left.
You knew the following spells:

 Your Spells              Type           Power        Failure   Level  Hunger
a - Confusing Touch       Hex            #.....       38%         1    ##.....
b - Swiftness             Chrm/Air       #.......     52%         2    ###....


Dungeon Overview and Level Annotations

Branches:
Dungeon (8/15)             Temple (1/1) D:6
   Lair: D:8-11

Altars:
Ashenzari
Cheibriados
Dithmenos
Elyvilon
Fedhas
Gozag
Hepliaklqana
Kikubaaqudgha
Makhleb
Nemelex Xobeh
Okawaru
Qazlal
Ru
Sif Muna
Trog
Uskayaw
Vehumet
Wu Jian
Xom
Yredelemnul
Zin
The Shining One

Shops:
D:6 (

Annotations:
D:3 2 transporters, Menkaure


Innate Abilities, Weirdness & Mutations

You are too large for most types of armour.
You have claws for hands.
Your metabolism is lightning-fast.
You like to eat raw meat.
Your natural rate of healing is unusually fast.
You are covered in fur. (AC +1)
You have very tough skin. (AC +2)


Message History

Something hits you.
* * * LOW HITPOINT WARNING * * *
Something hits you.
* * * LOW HITPOINT WARNING * * *
You see here a flail.
Something hits you.
* * * LOW HITPOINT WARNING * * *
You see here a spear.
There is a stone staircase leading up here.
Something hits you!
* * * LOW HITPOINT WARNING * * *
Something hits you.
* * * LOW HITPOINT WARNING * * *
You climb upwards.
There is a stone staircase leading down here.
Something hits you.
* * * LOW HITPOINT WARNING * * *
Something hits you!
You die...
Your body glows slightly and disappears.

....................#...#.......#
.............).......###.........
......<.....>.........####.......
.....#................## ##......
....##.................## #.(....
....##..#...............# ##.....
...###.##........>......## #.....
..###..##................# ##....
.####.###..###..@........## #..##
.###..##..#...#..<........# #..#
..##.#........#...........# #..#
.....#.####...####........# ##.#
#...#..#⌠.##+##.⌠...####### ##.##
##.....#.........#....# ##....
#..#.###.......#####.# ##..#..
##.#...#.......#...#.# #..####
#..#...'..._...+.....# ##.## #


There were no monsters in sight!

Vanquished Creatures
  Pikel (D:4)
  A spriggan (D:7)
  2 hungry ghosts (D:7)
  A steam dragon (D:7)
  The ghost of Tiareth the Firebug, an amateur HOFE of Beogh (D:4)
  2 insubstantial wisps (D:7)
  Duvessa (D:6)
  An orc warrior (D:8)
  An ice beast (D:8)
  6 sky beasts
  4 ogres
  A phantom (D:6)
  2 centaurs
  3 bullfrogs (D:8)
  Dowan (D:6)
  A gnoll sergeant (D:8)
  2 scorpions
  4 killer bees (D:7)
  4 howler monkeys
  4 crimson imps
  2 bullfrog zombies
  4 hounds
  6 orc priests
  2 jellies
  4 orc wizards
  A centaur skeleton (D:4)
  2 iguanas
  5 worker ants
  11 gnolls
  6 adders
  A shadow imp (D:7)
  2 oozes
  3 worms
  2 dart slugs (D:1)
  2 leopard geckos
  19 orcs
  2 ball pythons (D:3)
  6 giant cockroaches
  7 goblins
  2 hobgoblins
  10 jackals
  6 kobolds
  7 bats
  5 frilled lizards
  A leopard gecko skeleton (D:6)
  A quokka zombie (D:6)
  6 rats
168 creatures vanquished.

Vanquished Creatures (others)
  A hound (D:4)
1 creature vanquished.

Grand Total: 169 creatures vanquished

Notes
Turn   | Place    | Note
-------+----------+-------------------------------------------
     0 | D:1      | cultivahabas the Troll Monk began the quest for the Orb.
     0 | D:1      | Reached XP level 1. HP: 22/22 MP: 0/0
    84 | D:1      | Reached XP level 2. HP: 25/29 MP: 1/1
   567 | D:1      | Reached skill level 4 in Unarmed Combat
   567 | D:1      | Reached XP level 3. HP: 34/36 MP: 2/2
   592 | D:2      | Found a bloodstained altar of Trog.
  1470 | D:3      | Reached XP level 4. HP: 42/44 MP: 3/3
  1636 | D:3      | Reached skill level 5 in Unarmed Combat
  1904 | D:3      | Found a transporter.
  1905 | D:3      | Found a transporter.
  1956 | D:3      | Found an ancient bone altar of Kikubaaqudgha.
  1957 | D:3      | Noticed Menkaure
  1958 | D:3      | Found a basalt altar of Yredelemnul.
  2067 | D:4      | Noticed a slave
  2067 | D:4      | Noticed a slave
  2069 | D:4      | Noticed a slave
  2071 | D:4      | Noticed Pikel
  2073 | D:4      | Noticed a slave
  2678 | D:4      | Reached XP level 5. HP: 44/53 MP: 4/4
  2827 | D:4      | Reached skill level 6 in Unarmed Combat
  2835 | D:4      | Reached XP level 6. HP: 38/61 MP: 5/5
  2982 | D:4      | Noticed Tiareth's ghost (amateur HOFE)
  3012 | D:4      | Killed Tiareth's ghost
  3012 | D:4      | Reached skill level 7 in Unarmed Combat
  3012 | D:4      | Reached XP level 7. HP: 35/70 MP: 6/6
  3156 | D:4      | Killed Pikel
  3156 | D:4      | Reached skill level 8 in Unarmed Combat
  3156 | D:4      | Reached XP level 8. HP: 67/79 MP: 7/7
  3494 | D:4      | Found a sacrificial altar of Ru.
  3573 | D:5      | Entered Level 5 of the Dungeon
  3581 | D:5      | Reached skill level 5 in Fighting
  3582 | D:5      | Found a stormy altar of Qazlal.
  3727 | D:5      | Reached skill level 9 in Unarmed Combat
  4291 | D:6      | Found a staircase to the Ecumenical Temple.
  4342 | Temple   | Entered the Ecumenical Temple
  4458 | D:6      | Found Pofu's Antique Weapon Shop.
  4477 | D:6      | Found a burning altar of Makhleb.
  4479 | D:6      | Noticed an Executioner
  4481 | D:6      | Found a glowing silver altar of Zin.
  4482 | D:6      | Noticed an angel
  4625 | D:6      | Reached skill level 10 in Unarmed Combat
  4711 | D:6      | Found an opulent altar of Gozag.
  4771 | D:6      | Reached XP level 9. HP: 48/89 MP: 8/8
  4800 | D:6      | Noticed Duvessa
  4800 | D:6      | Noticed Dowan
  4814 | D:6      | Killed Duvessa
  4819 | D:6      | Killed Dowan
  5252 | D:7      | Found a shattered altar of Ashenzari.
  5681 | D:7      | Reached skill level 11 in Unarmed Combat
  5690 | D:7      | Found a sparkling altar of Nemelex Xobeh.
  5694 | D:7      | Became a worshipper of Nemelex Xobeh the Trickster
  5694 | D:7      | Received a gift from Nemelex Xobeh
  5694 | D:7      | Reached * piety under Nemelex Xobeh
  5694 | D:7      | Received a gift from Nemelex Xobeh
  5694 | D:7      | Reached ** piety under Nemelex Xobeh
  5713 | D:7      | Found an ornate altar of the Wu Jian Council.
  5716 | D:7      | Found a white marble altar of Elyvilon.
  5725 | D:7      | Found a radiant altar of Vehumet.
  6109 | D:7      | Identified the Reference Book on the Volcanoes
  6348 | D:8      | Reached skill level 12 in Unarmed Combat
  6354 | D:8      | Reached XP level 10. HP: 92/102 MP: 9/9
  6868 | D:8      | HP: 4/102 [something (4)]
  7101 | D:7      | Learned a level 1 spell: Confusing Touch
  7105 | D:7      | Learned a level 2 spell: Swiftness
  7161 | D:7      | HP: 4/102 [something (4)]
  7162 | D:7      | Slain by an unseen horror

Skill      XL: |  1  2  3  4  5  6  7  8  9 |
---------------+----------------------------+-----
Unarmed Combat | 4 5 6 7 8 10 12 | 12.4
Fighting       | 3 4 6 7 |  7.6
Dodging        | |  2.4
Stealth        | |  1.0

Action                   |  1- 3 |  4- 6 |  7- 9 | 10-12 || total
-------------------------+-------+-------+-------+-------++-------
Melee: Unarmed           |    99 |    93 |   208 |    80 ||   480
       Punch             |     2 |     3 |     6 |     7 ||    18
Throw: Stone             |       |     2 |     8 |       ||    10
  Use: Scroll            |       |       |     2 |    10 ||    12
       Potion            |       |       |       |     4 ||     4
 Stab: Sleeping          |     4 |     1 |     3 |       ||     8
  Eat: Chunk             |    15 |    18 |    28 |    12 ||    73
       Ration            |       |       |     1 |       ||     1
Armor: Robe              |    29 |    35 |    48 |       ||   112
       Steam dragon scal |       |       |     2 |    46 ||    48
Dodge: Dodged            |    46 |    49 |    73 |    46 ||   214
